 Dungeon Crawl Stone Soup version 0.27.1-34-g3ba077fa99 (webtiles) character file.

Game seed: 13870906687527959987

56 KamiKatze the Sneak (level 3, -2/16 HPs)
             Began as a Spriggan Conjurer on Jan 11, 2022.
             Slain by Grinder (4 damage)
             ... on level 4 of the Dungeon.
             The game lasted 00:07:16 (1493 turns).

KamiKatze the Sneak (Spriggan Conjurer)             Turns: 1493, Time: 00:07:16

Health: -2/16      AC:  2    Str:  3    XL:     3   Next: 71%
Magic:  3/8        EV: 17    Int: 20    God:
Gold:   34         SH:  0    Dex: 13    Spells: 5/8 levels left

rFire    . . .     SeeInvis +   b - +4 dagger
rCold    . . .     Faith    .   (shield restricted)
rNeg     . . .     Spirit   .   a - +0 robe
rPois    .         Reflect  .   (helmet restricted)
rElec    .         Harm     .   (no cloak)
rCorr    .         Rampage  .   (gloves unavailable)
Will     .....                  (boots unavailable)
Stlth    ++........             (no amulet)
HPRegen  0.05/turn              (no ring)
MPRegen  0.11/turn              (no ring)

@: very quick
A: very small, no large weapons, unfitting armour, see invisible, speed 3
a: no special abilities


You were on level 4 of the Dungeon.
You visited 1 branch of the dungeon, and saw 3 of its levels.

You collected 34 gold pieces.

Inventory:

Hand Weapons
 b - a +4 dagger (weapon)
Missiles
 c - 36 stones (quivered)
Armour
 a - a +0 robe (worn)
Scrolls
 d - a scroll of vulnerability {unknown}
 e - 2 scrolls of identify {unknown}
 f - a scroll of enchant armour {unknown}
 g - a scroll of magic mapping {unknown}
 i - a scroll of holy word {unknown}
 j - 2 scrolls of teleportation {unknown}
Potions
 h - 3 potions of curing {unknown}


   Skills:
 * Level 1.5 Short Blades
 + Level 3.1 Dodging
 + Level 3.5 Stealth
 * Level 3.4 Spellcasting
 * Level 3.3 Conjurations


You had 5 spell levels left.
You knew the following spells:

 Your Spells              Type           Power      Damage    Failure   Level
a - Magic Dart            Conj           64%        1d6       3%          1
b - Searing Ray           Conj           32%        3d4       5%          2

Your spell library contained the following spells:

 Spells                   Type           Power      Damage    Failure   Level
 Dazzling Flash           Conj/Hex       20%        N/A       21%         3
 Fulminant Prism          Conj/Hex       5%         3d7       56%         4
 Iskenderun's Mystic Bla  Conj/Tloc      10%        2d4       56%         4


Dungeon Overview and Level Annotations

Branches:
Dungeon (2/15)

Altars:

Annotations:
D:4 Grinder


Innate Abilities, Weirdness & Mutations

You are very small and have problems with some larger weapons.
You are too small for most types of armour.
You have supernaturally acute eyesight. (SInv)
You cover ground extremely quickly. (Speed+++)


Message History

You see here 17 stones.
Found a trident.
Found 21 stones.
c - 36 stones (gained 21)
Found 14 bolts.
An endoplasm comes into view.
An endoplasm is nearby!
Found 7 gold pieces.
The helpless endoplasm fails to defend itself.
You puncture the endoplasm!
You kill the endoplasm!
Grinder comes into view.
You see here 7 gold pieces.
The helpless Grinder fails to defend herself.
You puncture Grinder!
Grinder is moderately wounded.
Grinder closely misses you.
Casting: Searing Ray (safe; 5% risk of failure)
Confirm with . or Enter, or press ? or * to list all spells.
Aiming: Searing Ray (safe; 5% risk of failure)
Press: ? - help, Shift-Dir - straight line, f - Grinder
Aim: Grinder (moderately wounded, 75% to hit)
The searing ray misses Grinder. (Press . to maintain the ray.) Grinder gestures at you.
You resist with significant effort.
The searing ray hits Grinder.
Grinder is heavily wounded.
Grinder completely misses you.
The searing ray misses Grinder.
Grinder gestures at you. Pain shoots through your body!
Ouch! That really hurt!
* * * LOW HITPOINT WARNING * * *
Unknown command.
The searing ray misses Grinder.
You finish channeling your searing ray.
Grinder hits you.
* * * LOW HITPOINT WARNING * * *
You writhe in agony.
You die...

......##.# #.#
.......^.#########
#######..........#
#.########.# #.#
#.# #.# #.# #.#
#.# #.# #5# #.#
#@# #.########.#
#........$.#
############


You could see Grinder.

Vanquished Creatures
  An adder (D:2)
  2 worms (D:2)
  3 dart slugs
  6 bats
  3 endoplasms
  A giant cockroach (D:2)
  3 goblins (D:1)
  2 hobgoblins (D:1)
  4 kobolds
  2 ball pythons (D:1)
  5 frilled lizards (D:1)
  4 rats
36 creatures vanquished.

Notes
Turn   | Place    | Note
-------+----------+-------------------------------------------
     0 | D:1      | KamiKatze the Spriggan Conjurer began the quest for the
                  | Orb.
     0 | D:1      | Reached XP level 1. HP: 9/9 MP: 5/5
    45 | D:1      | Found a faded altar of an unknown god.
   124 | D:1      | Reached XP level 2. HP: 13/13 MP: 1/7
   128 | D:1      | Learned a level 2 spell: Searing Ray
   610 | D:1      | Reached skill level 1 in Short Blades
   763 | D:1      | Reached XP level 3. HP: 6/16 MP: 4/8
  1345 | D:2      | You fall into a shaft and drop 2 floors!
  1486 | D:4      | Noticed Grinder
  1493 | D:4      | Slain by Grinder

Illustrated notes

Levels and vault maps discovered:
D:1:      amcnicky_arrival_feature_with_door, layout_loops_ring,
          ebering_ecumenical_altar_box
D:2:      layout_basic
D:4:      layout_basic, hangedman_decor_opposing, uniq_pikel, uniq_grinder,
          uniq_robin

Skill      XL: |  1  2 |
---------------+-------+-----
Conjurations   | 3 |  3.3
Spellcasting   | 3 |  3.4
Dodging        | 3 |  3.1
Short Blades   | 1 |  1.5
Stealth        | |  3.5

Action                   || total
-------------------------++-------
Melee: Dagger            ||    28
 Cast: Magic Dart        ||    42
       Searing Ray       ||     8
 Stab: Sleeping          ||     4
Armor: Robe              ||     3
Dodge: Dodged            ||    26
